 Dungeon Crawl Stone Soup version 0.18.1-5-g4a78601 (webtiles) character file.

3052 Gottschkopf the Covert (level 10, -2/63 HPs)
             Began as a Human Enchanter on May 12, 2016.
             Was a Believer of Makhleb.
             Slain by a killer bee (3 damage)
             ... on level 7 of the Dungeon.
             The game lasted 00:27:39 (7846 turns).

Gottschkopf the Covert (Human Enchanter)            Turns: 7846, Time: 00:27:39

Health: -2/63      AC:  6    Str:  9    XL:     10   Next: 11%
Magic:  4/13       EV: 13    Int: 16    God:    Makhleb [**....]
Gold:   351        SH:  4    Dex: 23    Spells: 4 memorised, 4 levels left

rFire  . . .     SeeInvis .     a - +2 dagger
rCold  . . .     Gourm    .     b - +2 robe
rNeg   . . .     Faith    .     (no shield)
rPois  .         Spirit   .     l - +1 helmet
rElec  .         Dismiss  .     (no cloak)
rCorr  .         Reflect  +     (no gloves)
SustAt .         Harm     .     (no boots)
MR     .....                    y - +4 amulet of reflection
Stlth  ++++++....               n - +3 ring of dexterity
                                m - +4 ring of dexterity

@: very slightly contaminated, hasted, very quick, not resistant to hostile
enchantments, very stealthy
A: no striking features
a: Minor Destruction, Renounce Religion


You were on level 7 of the Dungeon.
You worshipped Makhleb.
Makhleb was pleased with you.
You were very hungry.

You visited 2 branches of the dungeon, and saw 9 of its levels.

You collected 351 gold pieces.

Inventory:

Hand Weapons
 a - a +2 dagger (weapon)
Armour
 b - a +2 robe (worn)
 l - a +1 helmet (worn)
Jewellery
 g - a +2 ring of protection {unknown}
 i - an uncursed ring of fire
 m - a +4 ring of dexterity (left hand)
 n - a +3 ring of dexterity (right hand)
 w - a cursed ring of teleportation
 y - a +4 amulet of reflection (around neck)
Wands
 e - a wand of digging (5/24)
 o - a wand of disintegration (18/24)
 t - a wand of slowing (25/48)
 C - a wand of iceblast (3/15)
Scrolls
 k - 3 scrolls of remove curse
 q - 2 scrolls of teleportation
 v - 2 scrolls of amnesia
Potions
 h - a potion of might
 p - a potion of haste
 r - a potion of agility
 x - 2 potions of brilliance {unknown}
Books
 c - a book of Maledictions

   Spells                             Type                      Level
   a - Corona                         Hexes                        1
   b - Ensorcelled Hibernation        Hexes/Ice                    2
   c - Confuse                        Hexes                        3
   d - Tukima's Dance                 Hexes                        3
   e - Dazzling Spray                 Conjuration/Hexes            3
 A - a Fen Folio

   Spells                             Type                      Level
   a - Corpse Rot                     Necromancy                   2
   b - Stone Arrow                    Conjuration/Earth            3
   c - Leda's Liquefaction            Hexes/Earth                  4
   d - Summon Forest                  Summoning/Translocation      5
   e - Hydra Form                     Transmutation                6
   f - Summon Hydra                   Summoning                    7
Comestibles
 d - 5 bread rations
 f - 3 slices of pizza
 j - 2 beef jerkies
 u - 3 meat rations
 z - a chunk of flesh
 B - 10 fruits


   Skills:
 * Level 7.1 Short Blades
 - Level 2.0 Dodging
 - Level 12.5 Stealth
 - Level 2.0 Spellcasting
 - Level 9.4 Hexes


You had 4 spell levels left.
You knew the following spells:

 Your Spells              Type           Power        Failure   Level  Hunger
a - Corona                Hex            ####...      1%          1    #......
b - Ensorcelled Hibernat  Hex/Ice        ###...       6%          2    ###....
c - Confuse               Hex            ####....     1%          3    ###....
d - Dazzling Spray        Conj/Hex       ###.....     12%         3    ###....


Dungeon Overview and Level Annotations

Branches:
Dungeon (8/15)             Temple (1/1) D:5
   Lair: D:8-11

Altars:
Ashenzari
Cheibriados
Dithmenos
Elyvilon
Fedhas
Makhleb
Nemelex Xobeh
Okawaru
Qazlal
Ru
Sif Muna
Xom
Zin

Annotations:
D:6 1 runed door


Message History

Aim: a killer bee (moderately wounded, not susceptible)
Okay, then.
Casting: Ensorcelled Hibernation
Confirm with . or Enter, or press ? or * to list all spells.
Aiming: Corona
Press: ? - help, Shift-Dir - straight line, f/p - killer bee
Aim: a killer bee (chance to defeat MR: 78%)
The killer bee is outlined in light.
You block the killer bee's attack.
You barely miss the killer bee.
The killer bee is moderately wounded.
The killer bee stings you!
* * * LOW HITPOINT WARNING * * *
You miss the killer bee.
The killer bee is moderately wounded.
The killer bee barely misses you.
You are feeling very hungry.
You closely miss the killer bee.
The killer bee is moderately wounded.
The killer bee stings you.
You die...

⌠...... .......
.......## ...(....#
......... ........#
........###############
...........Z.yy@......#
.......##############..
#...... ######. #. #.
###### ##### .. #....#
#...# .# #....####...#
#...........#


You could see 2 killer bees and a worker ant zombie.

Vanquished Creatures
  A hill giant (D:6)
  Pikel (D:8)
  Grinder (D:6)
  Menkaure (D:5)
  2 slaves (D:7)
  A black bear (D:6)
  A necrophage (D:6)
  A phantom (D:4)
  A big kobold (D:8)
  Blork the orc (D:6)
  A water moccasin skeleton (D:5)
  A scorpion (D:5)
  A killer bee (D:8)
  A giant frog zombie (D:5)
  6 hounds
  An orc priest (D:5)
  A giant frog skeleton (D:3)
  An iguana (D:5)
  An orc wizard (D:4)
  5 worker ants
  A hound zombie (D:6)
  2 hound skeletons
  A worker ant zombie (D:5)
  2 gnolls (D:8)
  13 adders
  A shadow imp (D:6)
  2 oozes (D:3)
  An adder zombie (D:5)
  An adder skeleton (D:5)
  3 worms
  2 dart slugs
  4 giant geckos
  8 orcs
  7 bats
  4 giant cockroaches
  6 goblins
  7 hobgoblins
  15 jackals
  4 quokkas
  4 giant newts
  16 kobolds
  8 rats
142 creatures vanquished.

Vanquished Creatures (others)
  A slave (D:8)
  A sky beast (D:8)
  A giant frog (D:8)
  2 gnolls (D:8)
5 creatures vanquished.

Grand Total: 147 creatures vanquished

Notes
Turn   | Place    | Note
--------------------------------------------------------------
     0 | D:1      | Gottschkopf the Human Enchanter began the quest for the Orb.
     0 | D:1      | Reached XP level 1. HP: 13/13 MP: 3/3
   244 | D:1      | Reached XP level 2. HP: 11/19 MP: 1/5
   638 | D:1      | Reached skill level 4 in Stealth
   645 | D:1      | Learned a level 2 spell: Ensorcelled Hibernation
   712 | D:1      | Reached XP level 3. HP: 24/24 MP: 6/6
   891 | D:2      | Found a deep blue altar of Sif Muna.
  1701 | D:2      | Found a blossoming altar of Fedhas.
  1800 | D:2      | Found a sparkling altar of Nemelex Xobeh.
  1824 | D:2      | Reached XP level 4. HP: 16/30 MP: 4/7
  2091 | D:2      | Reached skill level 5 in Stealth
  2901 | D:3      | HP: 1/30 [giant frog skeleton (6)]
  2907 | D:3      | Reached XP level 5. HP: 9/35 MP: 6/8
  3299 | D:3      | Found a shimmering altar of Xom.
  3300 | D:3      | Found an iron altar of Okawaru.
  3915 | D:4      | Reached XP level 6. HP: 37/41 MP: 4/9
  3996 | D:4      | Noticed a phantom
  4064 | D:4      | Learned a level 3 spell: Confuse
  4068 | D:4      | Learned a level 3 spell: Dazzling Spray
  4410 | D:4      | Killed a phantom
  4410 | D:4      | Reached skill level 5 in Hexes
  4540 | D:4      | Found a burning altar of Makhleb.
  4777 | D:4      | Became a worshipper of Makhleb the Destroyer
  4813 | D:4      | Reached XP level 7. HP: 46/46 MP: 7/10
  5172 | D:5      | Entered Level 5 of the Dungeon
  5184 | D:5      | Reached skill level 6 in Stealth
  5756 | D:5      | Reached skill level 12 in Stealth
  5756 | D:5      | Reached XP level 8. HP: 52/52 MP: 11/11
  5830 | D:5      | Noticed Menkaure
  5835 | D:5      | Killed Menkaure
  6039 | D:5      | Found a staircase to the Ecumenical Temple.
  6047 | Temple   | Entered the Ecumenical Temple
  6106 | D:5      | Reached * piety under Makhleb
  6153 | D:5      | Reached XP level 9. HP: 57/57 MP: 12/12
  6168 | D:5      | Found a stormy altar of Qazlal.
  6168 | D:5      | Found a snail-covered altar of Cheibriados.
  6172 | D:5      | Found a sacrificial altar of Ru.
  6173 | D:5      | Found a glowing silver altar of Zin.
  6583 | D:6      | Found a white marble altar of Elyvilon.
  6584 | D:6      | Found a runed door.
  6584 | D:6      | Noticed an angel
  6594 | D:6      | Found a shadowy altar of Dithmenos.
  6685 | D:6      | Found a shattered altar of Ashenzari.
  6963 | D:6      | Noticed Blork the orc
  6965 | D:6      | Killed Blork the orc
  7121 | D:6      | Noticed Grinder
  7133 | D:6      | Killed Grinder
  7179 | D:6      | Reached skill level 5 in Short Blades
  7355 | D:6      | Noticed a hill giant
  7364 | D:6      | Killed a hill giant
  7556 | D:8      | Noticed Pikel
  7650 | D:8      | Killed Pikel
  7650 | D:8      | Reached XP level 10. HP: 47/63 MP: 8/13
  7752 | D:8      | Reached ** piety under Makhleb
  7838 | D:7      | HP: 3/63 [poisoned by a killer bee]
  7844 | D:7      | HP: 1/63 [killer bee (7)]
  7846 | D:7      | Slain by a killer bee

Skill      XL: |  1  2  3  4  5  6  7  8  9 10 |
---------------+-------------------------------+-----
Stealth        | 4 5 12 | 12.5
Short Blades   | 2 3 6 7 |  7.1
Hexes          | 4 6 9 |  9.4
Dodging        | |  2.0
Spellcasting   | |  2.0

Action                   |  1- 3 |  4- 6 |  7- 9 | 10-12 || total
-------------------------+-------+-------+-------+-------++-------
Melee: Dagger            |    97 |   194 |   128 |    35 ||   454
 Cast: Corona            |     8 |    18 |     7 |     5 ||    38
       Ensorcelled Hiber |     4 |    36 |    34 |     8 ||    82
       Confuse           |       |     2 |    11 |       ||    13
  Use: Potion            |     4 |     1 |     1 |     2 ||     8
       Scroll            |       |     9 |     7 |       ||    16
 Stab: Sleeping          |    16 |    30 |    34 |     2 ||    82
       Confused          |       |     1 |    10 |       ||    11
       Distracted        |       |     1 |     2 |     1 ||     4
  Eat: Chunk             |     2 |    10 |    12 |     1 ||    25
       Bread ration      |       |     1 |       |       ||     1
Armor: Robe              |    40 |    42 |    16 |     6 ||   104
Dodge: Dodged            |    76 |   107 |    51 |    36 ||   270
Block: Other             |       |       |     1 |    12 ||    13
